 Dungeon Crawl Stone Soup version 0.17-a0-1435-geafbe2f (webtiles) character file.

21 Malachi the Grave Robber (level 2, -9/19 (20) HPs)
             Began as a Ghoul Necromancer on June 26, 2015.
             Mangled by a worm (10 damage)
             ... on level 2 of the Dungeon.
             The game lasted 00:02:59 (1232 turns).

Malachi the Grave Robber (Ghoul Necromancer)        Turns: 1232, Time: 00:02:59

HP:   -9/19 (20)    AC:  3    Str: 11    XL:     2   Next: 87%
MP:   0/4           EV: 12    Int: 10    God:
Gold: 32            SH:  0    Dex:  9    Spells: 1 memorised, 4 levels left

rFire  . . .     SeeInvis .     f - +0 short sword
rCold  + . .     Clarity  .     a - +0 robe
rNeg   + + +     SustAt   .     (no shield)
rPois  ∞         Gourm    .     (no helmet)
rElec  .         Spirit   .     h - +0 cloak
rCorr  .         Warding  .     (no gloves)
rMut   .         Stasis   .     (no boots)
MR     .....                    (no amulet)
Stlth  ++........               (no ring)
                                (no ring)

@: very slightly contaminated, rotting, not resistant to hostile enchantments,
unstealthy
A: rotting body, claws 1, carnivore 3, cold resistance 1, negative energy
resistance 3, slow healing 1, torment resistance, unbreathing
a: no special abilities


You were on level 2 of the Dungeon.
You were not hungry.

You visited 1 branch of the dungeon, and saw 2 of its levels.

You collected 32 gold pieces.

Inventory:

Hand weapons
 f - a +0 short sword (weapon)
Missiles
 k - 3 poisoned needles (quivered)
Armour
 a - a +0 robe (worn)
 h - a +0 cloak (worn)
Scrolls
 e - a scroll of noise {unknown}
 g - 2 scrolls of recharging {unknown}
 l - a scroll of remove curse {unknown}
 n - a scroll of blinking {unknown}
Potions
 i - a potion of might {unknown}
 j - a potion of brilliance {unknown}
Books
 b - a book of Necromancy

   Spells                             Type                      Level
   a - Pain                           Necromancy                   1
   b - Animate Skeleton               Necromancy                   1
   c - Vampiric Draining              Necromancy                   3
   d - Regeneration                   Charms/Necromancy            3
   e - Animate Dead                   Necromancy                   4
   f - Control Undead                 Necromancy                   4
Comestibles
 c - a meat ration


   Skills:
 + Level 2.0 Dodging
 + Level 2.3 Stealth
 + Level 0.2 Unarmed Combat
 + Level 2.0 Spellcasting
 + Level 4.3 Necromancy


You had 4 spell levels left.
You knew the following spells:

 Your Spells              Type           Power        Failure   Level  Hunger
a - Pain                  Necr           #...         8%          1    ##.....


Dungeon Overview and Level Annotations

Branches:
Dungeon (2/15)

Altars:


Innate Abilities, Weirdness & Mutations

Your body is rotting away.
You thrive on raw meat.
You are immune to poison.
You have sharp fingernails.
You are carnivorous and can eat meat at any time.
Your flesh is cold resistant.
You are immune to negative energy.
You heal slowly when monsters are visible.
You are immune to unholy pain and torment.
You can survive without breathing.


Message History

You barely miss the worm.
The worm is severely wounded.
The worm bites you!
* * * LOW HITPOINT WARNING * * *
Casting: Pain
Confirm with . or Enter, or press ? or * to list all spells.
Aiming: Pain
Press: ? - help, Shift-Dir - straight line, f/p - worm
Aim: a worm (severely wounded, chance to defeat MR: 68%)
The worm convulses in agony!
Casting: Pain
Confirm with . or Enter, or press ? or * to list all spells.
Aiming: Pain
Press: ? - help, Shift-Dir - straight line, f/p - worm
Aim: a worm (severely wounded, chance to defeat MR: 68%)
You miscast Pain.
You are very lightly contaminated with residual magic.
Nothing appears to happen.
The worm bites you!
Ouch! That really hurt!
You die...

.............( +.......##.#
#.#..†....(.. ####...###.#
#.....w.# #....)..#
#.......# ###.#####
#.......# ##### #.#
##.###### #+###...## #.#
#.#### #.##.....###.##
##.##.######.#.......#...#
#....#..(([..w@......#...#
###..##.##.##..........#...#
........##.#.........)..#.##
.##....(##.##...#....##.#.#
.##.###(##.###.##.#.###.#.#
.##.# #.##(# ####.#.......#
.##.###.##.# #.#####.###
.......(..(# #....w..#
############ #########


You could see a worm.

Vanquished Creatures
  5 goblins
  2 hobgoblins (D:1)
  6 bats
  A giant cockroach (D:1)
  3 giant newts
  A kobold (D:1)
  6 rats
24 creatures vanquished.

Notes
Turn   | Place    | Note
--------------------------------------------------------------
     0 | D:1      | Malachi the Ghoul Necromancer began the quest for the Orb.
     0 | D:1      | Reached XP level 1. HP: 14/14 MP: 2/2
   517 | D:1      | Reached XP level 2. HP: 13/19 MP: 3/3
  1232 | D:2      | Mangled by a worm

Vault maps used:
D:1:      dpeg_arrival_rhombi
D:2:      yredelemnul_altar_generic

Action                   || total
-------------------------++-------
Melee: Unarmed           ||    18
       Short sword       ||    28
Throw: Tomahawk          ||     4
 Cast: Pain              ||    40
  Eat: Chunk             ||     6
